 Dungeon Crawl Stone Soup version 0.30-a0-626-gd6a5dd7a1f (webtiles) character file.

Game seed: 16438599462140018840

65 ryw the Grave Robber (level 3, 0/19 HPs)
             Began as a Deep Elf Necromancer on Jan 12, 2023.
             Slain by a gnoll
             ... wielding a +0 whip
              (5 damage)
             ... on level 2 of the Dungeon.
             The game lasted 00:03:29 (1662 turns).

ryw the Grave Robber (Deep Elf Necromancer)         Turns: 1662, Time: 00:03:30

Health: 0/19       AC:  3    Str:  5    XL:     3   Next: 92%
Magic:  2/10       EV: 13    Int: 21    God:
Gold:   47         SH:  0    Dex: 15    Spells: 6/10 levels left

rFire   + . .      SeeInvis .    d - +0 short sword
rCold   . . .      Faith    .    (no shield)
rNeg    . . .      Spirit   .    a - +1 robe
rPois   .          Reflect  .    (no helmet)
rElec   .          Harm     .    (no cloak)
rCorr   .          Rampage  .    (no gloves)
Will    .....                    (no boots)
Stlth   ++                       (no amulet)
HPRegen 0.23/turn                c - ring of protection from fire
MPRegen 0.12/turn                (no ring)

@: no status effects
A: no striking features
a: no special abilities


You were on level 2 of the Dungeon.
You visited 1 branch of the dungeon, and saw 3 of its levels.

You collected 47 gold pieces.

Inventory:

Hand Weapons
 d - a +0 short sword (weapon)
Missiles
 h - 10 javelins
Armour
 a - a +1 robe (worn)
 n - a +4 chain mail
Jewellery
 c - a ring of protection from fire (left hand)
Scrolls
 g - a scroll of magic mapping {unknown}
 m - a scroll of silence {unknown}
Potions
 b - a potion of magic
 e - a potion of brilliance
 i - 2 potions of flight
 k - a potion of ambrosia {unknown}


   Skills:
 + Level 3.5 Dodging
 - Level 2.4 Stealth
 + Level 4.1 Spellcasting
 + Level 5.5 Necromancy


You had 6 spell levels left.
You knew the following spells:

 Your Spells              Type           Power      Damage    Failure   Level
a - Necrotise             Necr           100%       1d9       1%          1
b - Vampiric Draining     Necr           27%        2d7       3%          3

Your spell library contained the following spells:

 Spells                   Type           Power      Damage    Failure   Level
 Animate Dead             Necr           27%        N/A       12%         4
 Agony                    Necr           27%        N/A       34%         5


Dungeon Overview and Level Annotations

Branches:
Dungeon (3/15)

Altars:


Message History

Aim: a gnoll, wielding a +0 whip (moderately wounded, chance to affect: 88%)
You miscast Necrotise.
You are very lightly contaminated with residual magic.
Nothing appears to happen.
The gnoll shouts!
Casting: Necrotise (safe; 1% risk of failure)
Confirm with . or Enter, or press ? or * to list all spells.
Aiming: Vampiric Draining (quite dangerous; 3% risk of failure)
Press: ? - help, Shift-Dir - straight line, f/p - gnoll
Aim: a gnoll, wielding a +0 whip (moderately wounded)
You draw life force from the gnoll!
The gnoll hits you with a +0 whip!
Casting: Vampiric Draining (quite dangerous; 3% risk of failure)
Confirm with . or Enter, or press ? or * to list all spells.
Aiming: Vampiric Draining (quite dangerous; 3% risk of failure)
Press: ? - help, Shift-Dir - straight line, f/p - gnoll
Aim: a gnoll, wielding a +0 whip (almost dead)
You draw life force from the gnoll!
You kill the gnoll!
You feel life coursing into your body.
Casting: Vampiric Draining (quite dangerous; 3% risk of failure)
Confirm with . or Enter, or press ? or * to list all spells.
You don't have enough magic to cast this spell.
Unknown command.
Casting: Vampiric Draining (quite dangerous; 3% risk of failure)
Confirm with . or Enter, or press ? or * to list all spells.
You don't have enough magic to cast this spell.
Unknown command.
Unknown command.
A gnoll comes into view. It is wielding a +0 whip.
The gnoll shouts!
You hear a shout!
Things that are here:
a +0 whip; a gnoll corpse The gnoll attacks as you move away!
The gnoll hits you with a +0 whip.
Your magical contamination has completely faded away.
The gnoll attacks as you move away! The gnoll closely misses you.
The gnoll hits you with a +0 whip.
* * * LOW HITPOINT WARNING * * *
The gnoll attacks as you move away! The gnoll barely misses you.
The gnoll attacks as you move away! The gnoll hits you with a +0 whip.
You die...

## ####.##.###..###..#.##.#
#.[...............#....##
#.......########.##.###.#
######.##.#..##.....#....# #.#
.....#.#..#..##...)......###.#
.................##'###.#...##
.............##..#....#.##.##
#####......#.##gg#....#.##.# #
#........##.@#....#.##.# #
#...#...####.#....#.##.# #
#.#.....# ##.#....#.##.# #
#.##....###..######....#
#####..##...#........... ###
........###.#.####.#####
..<..♣......#.### .#
........##..)...# #
#####..######.#....#


You could see 2 gnolls.

Vanquished Creatures
  A gnoll (D:2)
  2 adders (D:2)
  A worm (D:2)
  A dart slug (D:1)
  5 bats
  2 endoplasms (D:1)
  A giant cockroach (D:2)
  3 goblins
  4 hobgoblins
  A quokka (D:1)
  3 ball pythons
  A frilled lizard (D:1)
  3 kobolds
  6 rats
34 creatures vanquished.

Vanquished Creatures (collateral kills)
  A goblin (D:1)
1 creature vanquished.

Grand Total: 35 creatures vanquished

Notes
Turn   | Place    | Note
-------+----------+-------------------------------------------
     0 | D:1      | ryw the Deep Elf Necromancer began the quest for the Orb.
     0 | D:1      | Reached XP level 1. HP: 10/10 MP: 6/6
   139 | D:1      | Reached skill level 5 in Necromancy
   198 | D:1      | Reached XP level 2. HP: 15/15 MP: 6/8
   766 | D:1      | Found a faded altar of an unknown god.
  1099 | D:2      | Reached XP level 3. HP: 15/19 MP: 3/10
  1430 | D:2      | You fall into a shaft and drop 1 floor!
  1584 | D:2      | Learned a level 3 spell: Vampiric Draining
  1662 | D:2      | Slain by a gnoll

Illustrated notes

Levels and vault maps discovered:
D:1:      lightli_arrival_flooded_house, layout_basic,
          chequers_ecumenical_altar_twisty, corexii_leaking_fountain
D:2:      layout_loops_cross, kennysheep_nub, grunt_ministairs_15,
          nrook_mini_vaults
D:3:      minmay_diamond_boxcup, layout_basic, palyth_stone_intersect,
          minmay_misc_feat_more_columns

Skill      XL: |  1  2  3 |
---------------+----------+-----
Necromancy     | 5 |  5.5
Dodging        | 3 |  3.5
Spellcasting   | 4 |  4.1
Stealth        | |  2.4

Action                   || total
-------------------------++-------
Melee: Short sword       ||     2
 Cast: Necrotise         ||    61
       Vampiric Draining ||     2
  Use: Scroll            ||     4
Armor: Robe              ||     3
Dodge: Dodged            ||    11

Table legend: (Time is in decaauts)
 A = Elapsed time spent in this place.
 B = Non-inter-level travel time spent in this place.
 C = Inter-level travel time spent in this place.
 D = Time resting spent in this place.
 E = Time spent auto-exploring this place.
 F = Levels seen in this place.
 G = Mean time per level.
                   A        B        C        D        E       F      G
               +--------+--------+--------+--------+--------+-----+--------+
         Total |   1661 |   1618 |     43 |    193 |   1165 |   3 |  553.7 |
       Dungeon |   1661 |   1618 |     43 |    193 |   1165 |   3 |  553.7 |
               +--------+--------+--------+--------+--------+-----+--------+

Top non-repeatable levels by time:
     D:1: 1128 daAuts
     D:2: 516 daAuts
     D:3: 16 daAuts
